Map: Ulrena

Players

Claptrap

  • Race: Protoss Protoss

MorN

  • Race: Protoss Protoss
  • League: Diamond

BouncyBear

  • Race: Terran Terran

FinnsoN

  • Race: Terran Terran
  • League: Diamond

VOD

Have the link to the VOD?

Description

Time

  • Played on: Nov. 15, 2015, 6:42 p.m.
  • Length: 6:20
Show
View Real Time Build Order
Export as new Build Order

Claptrap Protoss 

Build Orders:  

Get SALT Encoding   

  12  0:09  Pylon  
  12  0:22  Assimilator  
  12  0:23  Probe (Chrono Boost)  
  13  0:34  Probe (Chrono Boost)  
  14  0:42  Gateway  
  14  0:53  Gateway  
  14  1:31  Cybernetics Core  
  14  1:33  Pylon  
  14  1:36  Zealot  
  16  1:56  Gateway  
  16  2:08  Stalker  
  18  2:11  Stalker  
  20  2:17  Warp Gate (Chrono Boost)  
  20  2:36  Probe  
  20  2:39  Stalker  
  22  2:48  Probe  
  23  3:12  Pylon  
  23  3:18  Stalker  
  23  3:19  Stalker  
  27  3:28  Stalker  
  27  4:16  Sentry  
  29  4:20  Sentry  
  29  4:21  Nexus  
  29  4:22  Zealot  
  33  4:39  Probe (Chrono Boost)  
  33  4:42  Assimilator  
  30  5:04  Probe (Chrono Boost)  
  31  5:09  Stargate  
  29  5:14  Probe (Chrono Boost)  
  26  5:25  Probe (Chrono Boost)  
  24  5:35  Probe (Chrono Boost)  
  24  5:41  Stalker  
  24  5:42  Stalker  
  24  5:44  Stalker  
  24  5:46  Probe (Chrono Boost)  
  27  5:57  Probe (Chrono Boost)  
  28  6:08  Probe (Chrono Boost)  
Show
View Real Time Build Order
Export as new Build Order

MorN Protoss 

Build Orders:  

Get SALT Encoding   

  12  0:00  SCV  
  13  0:12  SCV  
  14  0:18  Supply Depot  
  14  0:25  SCV  
  15  0:41  SCV  
  16  0:58  Command Center  
  16  1:02  SCV  
  17  1:13  Barracks  
  17  1:18  SCV  
  18  1:29  Barracks  
  18  1:32  SCV  
  19  1:44  SCV  
  19  1:45  Refinery  
  20  1:50  Refinery  
  20  1:57  SCV  
  20  2:00  Marine  
  22  2:14  Orbital Command  
  22  2:22  Orbital Command  
  22  2:25  Marine  
  22  2:29  Marine  
  24  2:43  Bunker, Marine  
  25  2:50  SCV  
  28  2:51  SCV  
  28  2:58  Barracks  
  27  3:00  Barracks Tech Lab  
  27  3:03  Marine  
  27  3:11  Bunker  
  27  3:12  Orbital Command  
  26  3:19  Stimpack  
  26  3:23  Factory  
  26  3:24  Marauder  
  28  3:27  Marine  
  28  3:46  Barracks Reactor, Barracks Tech Lab, Marine  
  28  3:48  SCV  
  30  3:49  SCV  
  31  4:00  SCV  
  32  4:06  Combat Shields  
  32  4:09  Starport  
  32  4:10  Factory Reactor  
  32  4:15  SCV  
  33  4:20  Marauder, Marine  
  33  4:24  Marine x2  
  38  4:40  Supply Depot  
  38  4:43  Orbital Command  
  38  4:44  Supply Depot  
  38  5:00  Supply Depot  
  38  5:01  Marine x2  
  38  5:02  Marauder  
  38  5:03  Medivac x2  
  45  5:18  Marauder  
  45  5:19  Marine x2  
  45  5:20  Concussive Shells  
  47  5:22  Factory Reactor  
  47  5:23  SCV, Marine  
  47  5:24  SCV  
  50  5:35  SCV  
  51  5:37  Marine  
  51  5:39  Marine  
  51  5:40  Marauder  
  51  5:41  Marauder  
  57  5:54  SCV x2  
  57  5:55  Marine  
  57  5:57  Marine  
  60  6:00  Command Center  
  61  6:05  Supply Depot  
  61  6:06  SCV  
  61  6:08  Supply Depot  
Show
View Real Time Build Order
Export as new Build Order

BouncyBear Terran 

Build Orders:  

Get SALT Encoding   

Show
View Real Time Build Order
Export as new Build Order

FinnsoN Terran 

Build Orders:  

Get SALT Encoding   

Tags
 
Add a new tag
Caveats
  • Supply blocks, unpowered buildings, or Contaminate may cause inaccurate times.
  • Supply counts are checked every 10 seconds.